 Dungeon Crawl Stone Soup version 0.29-a0-344-ge2f44be95a (webtiles) character file.

Game seed: 13586079136372924357

245 Gargoyl the Skirmisher (level 6, -2/39 HPs)
             Began as a Gargoyle Abyssal Knight on Apr 21, 2022.
             Was a Priest of Lugonu.
             Slain by Duvessa
             ... wielding a +2 short sword of draining
              (7 damage)
             ... on level 3 of the Dungeon.
             The game lasted 00:03:58 (3570 turns).

Gargoyl the Skirmisher (Gargoyle Abyssal Knight)    Turns: 3570, Time: 00:03:59

Health: -2/39      AC: 21    Str: 17    XL:     6   Next: 10%
Magic:  7/7        EV:  7    Int: 10    God:    Lugonu [***...]
Gold:   129        SH:  0    Dex: 18    Spells: 5/5 levels left

rFire   + . .      SeeInvis .   a - +1 hand axe (protect)
rCold   + . .      Faith    .   (no shield)
rNeg    + + .      Spirit   .   b - +0 chain mail
rPois   ∞          Reflect  .   (helmet restricted)
rElec   +          Harm     .   i - scarf {rC+ rF+}
rCorr   .          Rampage  .   g - +0 pair of gloves
Will    .....                   (no boots)
Stlth   ..........              (no amulet)
HPRegen 0.13/turn               e - ring of positive energy
MPRegen 0.10/turn               k - +6 ring of dexterity

@: under a protective aura
A: sickness immunity, AC +4, negative energy resistance 1, electricity
resistance, torment resistance 1, petrification resistance, beak, screaming 1
a: Renounce Religion, Depart the Abyss, Bend Space, Banish


You were on level 3 of the Dungeon.
You worshipped Lugonu.
Lugonu was most pleased with you.
You visited 1 branch of the dungeon, and saw 4 of its levels.
You visited the Abyss 1 time.

You collected 129 gold pieces.

Inventory:

Hand Weapons
 a - a +1 hand axe of protection (weapon)
Armour
 b - a +0 chain mail (worn)
 g - a +0 pair of gloves (worn)
 i - a scarf of resistance (worn)
Jewellery
 e - a ring of positive energy (left hand)
 k - a +6 ring of dexterity (right hand)
Scrolls
 j - 3 scrolls of identify
 n - a scroll of enchant armour {unknown}
Potions
 c - a potion of cancellation
 f - a potion of curing
 h - a potion of attraction {unknown}
 l - a potion of haste {unknown}
 m - a potion of lignification {unknown}


   Skills:
 + Level 4.7 Fighting
 + Level 3.8 Axes
 + Level 3.3 Armour
 + Level 1.7 Dodging
 + Level 0.5 Stealth
 + Level 2.1 Invocations


You had 5 spell levels left.
You didn't know any spells.
Your spell library contained the following spells:

 Spells                   Type           Power      Damage    Failure   Level
 Call Canine Familiar     Summ           0%         N/A       100%        3
 Portal Projectile        Hex/Tloc       0%         N/A       100%        3
 Leda's Liquefaction      Hex/Erth       0%         N/A       100%        4


Dungeon Overview and Level Annotations

Branches:
Dungeon (4/15)
 Temple: D:4-7

Altars:
Ashenzari

Shops:
D:2 *

Annotations:
D:3 Duvessa


Innate Abilities, Weirdness & Mutations

You are immune to sickness and miasma.
Your stone body is resilient. (AC +4)
You are immune to poison.
You resist negative energy. (rN+)
You are resistant to electric shocks. (rElec)
You are resistant to unholy torment.
You are immune to petrification.
You have a beak for a mouth.
You occasionally shout uncontrollably at your foes.


Message History

There is a stone staircase leading down here.
You start resting.
Magic restored.
You start resting.
HP restored.
Okay, then.
You see here 9 stones.
You see here a +0 falchion.
There is an escape hatch in the floor here.
You slide downwards.
The hatch slams shut behind you.
Level annotation: Duvessa You hear a shout!
You hear a shout!
You feel agile.
k - a +6 ring of dexterity (right hand) Duvessa hits you with a +2 short sword of draining!
You hit Duvessa but do no damage.
Your weapon exudes an aura of protection.
Your peck misses Duvessa.
Duvessa is lightly wounded.
Duvessa closely misses you. x2
You hit Duvessa but do no damage. Your peck misses Duvessa.
Duvessa is lightly wounded.
Duvessa hits you but does no damage.
You barely miss Duvessa. Your peck misses Duvessa.
Duvessa is lightly wounded.
Duvessa hits you with a +2 short sword of draining!
Duvessa hits you with a +2 short sword of draining.
You hit Duvessa but do no damage. You peck Duvessa, but do no damage.
Duvessa is lightly wounded.
Duvessa barely misses you.
Duvessa hits you with a +2 short sword of draining!
* * * LOW HITPOINT WARNING * * *
You barely miss Duvessa.
Duvessa is lightly wounded.
Duvessa hits you but does no damage.
You hit Duvessa but do no damage. You peck Duvessa.
Duvessa is lightly wounded.
Duvessa hits you with a +2 short sword of draining!
You die...

#..# ##..............###
#..####..............##
#....................# # ####
#.#####.#............#### ...#
#.## ##...............##. ...#
#..###................##.
...######........................
...........#..##..............##.
##.#..[#.....#.e@.............##.
##.#......#.....#............#...
##.###.........##...........#..##
##.###.<.......##.##..###.....##
##......e####...#.##..#......## #
##................##.<....#..####
.............##...##......#....##
.........###.#........###........
.##......###....#..#..###........


You could see Duvessa (berserk).

Vanquished Creatures
  Dowan (D:3)
  Crazy Yiuf (D:3)
  A hound (D:3)
  Terence (D:3)
  4 gnolls
  An adder (D:2)
  4 dart slugs (D:1)
  An orc (D:2)
  3 endoplasms
  3 giant cockroaches
  7 goblins
  6 hobgoblins
  7 jackals
  9 ball pythons
  2 bats
  A frilled lizard (D:1)
  3 kobolds
  A rat (D:1)
56 creatures vanquished.

Notes
Turn   | Place    | Note
-------+----------+-------------------------------------------
     0 | Abyss:1  | Gargoyl the Gargoyle Abyssal Knight began the quest for the
                  | Orb.
     0 | Abyss:1  | Reached XP level 1. HP: 14/14 MP: 2/2
     0 | D:1      | Escaped the Abyss
    64 | D:1      | Reached skill level 1 in Dodging
    91 | D:1      | Reached XP level 2. HP: 17/19 MP: 3/3
   159 | D:1      | Reached ** piety under Lugonu
   543 | D:1      | Gained mutation: You occasionally shout uncontrollably at
                  | your foes. [potion of mutation]
   543 | D:1      | Gained mutation: You have a beak for a mouth. [potion of
                  | mutation]
   617 | D:1      | Reached XP level 3. HP: 22/24 MP: 4/4
   979 | D:1      | Reached skill level 4 in Fighting
  1204 | D:1      | Reached XP level 4. HP: 17/29 MP: 5/5
  1812 | D:2      | Found a broken altar of Ashenzari.
  1876 | D:2      | Found Ynaqom's Assorted Antiques.
  2324 | D:3      | Noticed Terence
  2363 | D:3      | Killed Terence
  2364 | D:3      | Reached XP level 5. HP: 15/34 MP: 6/6
  2586 | D:3      | Found a faded altar of an unknown god.
  2757 | D:3      | Reached *** piety under Lugonu
  3073 | D:3      | Found a runed translucent door.
  3074 | D:3      | Noticed Crazy Yiuf
  3132 | D:3      | Killed Crazy Yiuf
  3283 | D:4      | Noticed Duvessa
  3285 | D:4      | Noticed Dowan
  3305 | D:3      | Killed Dowan
  3306 | D:3      | Reached XP level 6. HP: 14/39 MP: 7/7
  3570 | D:3      | Slain by Duvessa

Illustrated notes

Levels and vault maps discovered:
D:1:      enne_arrival_octagon_isle, layout_basic, minmay_ruptured
D:2:      layout_basic, basic_altar, serial_shops, shop
D:3:      layout_rooms, shapermc_ecumenical_altar_hornbeckon,
          minmay_misc_feat_more_columns, uniq_terence, uniq_crazy_yiuf_cottage
D:4:      layout_layer_cave, gup_sewer_entry_spiral, minmay_misc_feat_square,
          dreamdust_princess_corridor, minivault_19,
          corexii_item_surrounded_by_moat, uniq_duvessa

Skill      XL: |  1  2  3  4  5 |
---------------+----------------+-----
Dodging        | 1 |  1.7
Axes           | 2 3 |  3.8
Fighting       | 4 |  4.7
Armour         | 3 |  3.3
Stealth        | |  0.5
Invocations    | |  2.1

Action                   |  1- 3 |  4- 6 || total
-------------------------+-------+-------++-------
Melee: Hand axe          |    62 |   146 ||   208
       Peck              |     2 |    25 ||    27
       Punch             |       |     3 ||     3
Invok: Depart the Abyss  |     1 |       ||     1
       Bend Space        |       |     1 ||     1
  Use: Scroll            |     4 |     2 ||     6
       Potion            |     1 |     3 ||     4
Armor: Leather armour    |    46 |     3 ||    49
       Ring mail         |       |    46 ||    46
       Chain mail        |       |    42 ||    42
Dodge: Dodged            |    50 |    88 ||   138

Table legend: (Time is in decaauts)
 A = Elapsed time spent in this place.
 B = Non-inter-level travel time spent in this place.
 C = Inter-level travel time spent in this place.
 D = Time resting spent in this place.
 E = Time spent auto-exploring this place.
 F = Levels seen in this place.
 G = Mean time per level.
                   A        B        C        D        E       F      G
               +--------+--------+--------+--------+--------+-----+--------+
         Total |   3609 |   3503 |    106 |    536 |   2352 |   5 |  721.8 |
       Dungeon |   3609 |   3503 |    106 |    536 |   2352 |   4 |  902.2 |
         Abyss |      0 |      0 |      0 |      0 |      0 |   1 |    0.0 |
               +--------+--------+--------+--------+--------+-----+--------+

Top non-repeatable levels by time:
     D:1: 1335 daAuts
     D:2: 1228 daAuts
     D:3: 1037 daAuts
     D:4: 9 daAuts
